 Dungeon Crawl Stone Soup version 0.31-a0-1447-g87ca8d402b (webtiles) character file.

Game seed: 13699248185198899276

2 bjtr the Conjurer (level 1, 0/11 HPs)
             Began as a Vine Stalker Reaver on Dec 28, 2023.
             Slain by a kobold
             ... wielding a +0 mace
              (4 damage)
             ... on level 1 of the Dungeon.
             The game lasted 00:00:53 (61 turns).

bjtr the Conjurer (Vine Stalker Reaver)               Turns: 61, Time: 00:00:53

Health: 0/11       AC:  3    Str: 14    XL:     1   Next: 40%
Magic:  0/4        EV: 11    Int: 13    God:
Gold:   38         SH:  0    Dex: 12    Spells: 3/4 levels left

rFire   . . .        a - +0 short sword
rCold   . . .        (no shield)
rNeg    . . .        b - +0 leather armour
rPois   .            (no helmet)
rElec   .            (no cloak)
rCorr   .            (no gloves)
SInv    .            (no boots)
Will    .....        (no amulet)
Stlth   +            (no ring)
HPRegen 1.01/turn    (no ring)
MPRegen 0.09/turn

%: guardian spirit
@: no status effects
A: fangs 2, regeneration 1, magic shield, antimagic bite, no potion heal 2
a: no special abilities


You were on level 1 of the Dungeon.
You visited 1 branch of the dungeon, and saw 1 of its levels.

You collected 38 gold pieces.

Inventory:

Hand Weapons
 a - a +0 short sword (weapon)
Armour
 b - a +0 leather armour (worn)
Potions
 c - a potion of degeneration {unknown}


   Skills:
 + Level 1.7 Fighting
 + Level 2.6 Short Blades
 + Level 1.5 Dodging
 + Level 2.1 Spellcasting
 + Level 3.2 Conjurations


You had 3 spell levels left.
You knew the following spells:

 Your Spells              Type           Power      Damage    Failure   Level
a - Kiss of Death         Conj/Necr      20%        2d7       17%         1

Your spell library contained the following spells:

 Spells                   Type           Power      Damage    Failure   Level
 Momentum Strike          Conj/Tloc      10%        3d8       26%         2
 Hailstorm                Conj/Ice       5%         3d5       45%         3


Dungeon Overview and Level Annotations

Branches:
Dungeon (1/15)

Altars:


Innate Abilities, Weirdness & Mutations

You have extremely sharp teeth.
Your natural rate of healing is unusually fast.
When hurt, damage is shared between your health and your magic reserves.
Your bite disrupts and absorbs the magic of your enemies.
Potions cannot restore your health.


Message History

c - a fuming orange potion You now have 19 gold pieces (gained 9).
You now have 28 gold pieces (gained 9).
You now have 38 gold pieces (gained 10).
As you open the door, it creaks loudly!
You hear a shout!
A quokka comes into view.
Found a stone staircase leading down.
The quokka misses you.
There is an open door here.
You hit the quokka but do no damage. You punch the quokka. You bite the quokka.
You drain its power.
The quokka is severely wounded.
The quokka closely misses you.
You hit the quokka but do no damage. Your punch misses the quokka.
The quokka is severely wounded.
The quokka bites you.
You hit the quokka.
You kill the quokka!
A goblin comes into view. It is wielding a +0 club.
You see here a quokka corpse.
A kobold comes into view. It is wielding a +0 mace.
The kobold shouts!
A gnoll comes into view. It is wielding a +0 spear.
The goblin misses you.
The kobold moves out of view.
Found 3 stones.
The gnoll shouts!
The goblin hits you but does no damage.
You hit the goblin.
The goblin is severely wounded.
The goblin hits you with a +0 club.
You hit the goblin.
You kill the goblin!
There is an open door here.
You closely miss the kobold. You bite the kobold, but do no damage.
The kobold barely misses you.
The gnoll hits you from afar with a +0 spear.
You hit the kobold but do no damage. The kobold closely misses you.
The gnoll hits you from afar with a +0 spear.
* * * LOW HITPOINT WARNING * * *
The kobold attacks as it pursues you! The kobold hits you with a +0 mace.
You die...

......# ......## #######
##....# #.....#
#.....##+##### #.....#
#............. #.....#
#.........####
#.....####.........# .
#.....##...........# ..(
#....†#K@##........#
.....#.)..g'.#######....#
...........### #....#
#'##.......# #....#
#.......# #....#
#..>####### ####.# ####
#.# #.# #.#


You could see a gnoll and a kobold.

Vanquished Creatures
  A goblin (D:1)
  A quokka (D:1)
2 creatures vanquished.

Notes
Turn   | Place    | Note
-------+----------+-------------------------------------------
     0 | D:1      | bjtr the Vine Stalker Reaver began the quest for the Orb.
     0 | D:1      | Reached XP level 1. HP: 11/11 MP: 4/4
    61 | D:1      | Slain by a kobold

Illustrated notes

Levels and vault maps discovered:
D:1:      nicolae_arrival_memento_mori, layout_basic, serial_shops, shop

Action                     || total
---------------------------++-------
  Melee: Short sword       ||     7
         Bite              ||     2
         Punch             ||     1
 Armour: Leather armour    ||     6
  Dodge: Dodged            ||     5

Table legend: (Time is in decaauts)
 A = Elapsed time spent in this place.
 B = Non-inter-level travel time spent in this place.
 C = Inter-level travel time spent in this place.
 D = Time resting spent in this place.
 E = Time spent auto-exploring this place.
 F = Levels seen in this place.
 G = Mean time per level.
                   A        B        C        D        E       F      G
               +--------+--------+--------+--------+--------+-----+--------+
         Total |     59 |     59 |      0 |      0 |     28 |   1 |   59.0 |
       Dungeon |     59 |     59 |      0 |      0 |     28 |   1 |   59.0 |
               +--------+--------+--------+--------+--------+-----+--------+

Top non-repeatable levels by time:
     D:1: 59 daAuts
